Map: Nightshade LE

Players

Patience

  • Race: Protoss Protoss
  • Spawn Location: 11:00

HeroMarine - Winner!

  • Race: Terran Terran
  • Spawn Location: 5:00

Event: IEM Katowice 2020

VOD

Have the link to the VOD?

Description

Time

  • Played on: Feb. 24, 2020, 6:09 a.m.
  • Length: 7:20

All games in this series

Show
View Real Time Build Order
Export as new Build Order

Patience Protoss 

Build Orders: 1 Gate Expand, Oracle Opening, Phoenix Opening 

Get SALT Encoding   

  12  0:00  Probe  
  13  0:12  Probe  
  14  0:17  Pylon  
  14  0:25  Probe (Chrono Boost)  
  16  0:37  Probe (Chrono Boost), Gateway  
  16  0:42  Probe (Chrono Boost)  
  16  0:46  Assimilator  
  17  0:51  Probe  
  18  1:03  Probe  
  19  1:15  Probe  
  20  1:24  Nexus  
  20  1:34  Cybernetics Core  
  20  1:37  Probe  
  21  1:45  Assimilator  
  21  1:49  Probe  
  21  1:54  Pylon  
  22  2:01  Probe  
  23  2:09  Adept (Chrono Boost)  
  23  2:15  Probe  
  26  2:18  Stargate  
  26  2:26  Warp Gate  
  26  2:28  Probe (Chrono Boost)  
  27  2:32  Adept  
  28  2:38  Probe (Chrono Boost)  
  28  2:40  Probe (Chrono Boost)  
  30  2:47  Probe (Chrono Boost)  
  30  2:48  Probe (Chrono Boost)  
  32  2:52  Probe (Chrono Boost)  
  32  2:54  Probe  
  34  3:00  Oracle (Chrono Boost)  
  34  3:04  Probe  
  38  3:06  Probe  
  39  3:16  Probe  
  39  3:18  Probe  
  39  3:19  Pylon  
  41  3:28  Probe  
  41  3:30  Phoenix, Probe  
  45  3:40  Probe  
  46  3:42  Gateway  
  46  3:43  Gateway  
  46  3:46  Probe  
  47  3:50  Assimilator  
  47  3:52  Assimilator  
  47  3:53  Probe  
  48  3:58  Probe  
  48  4:00  Oracle  
  52  4:03  Pylon  
  52  4:05  Probe  
  53  4:12  Forge, Twilight Council  
  53  4:13  Probe  
  54  4:23  Probe, Pylon  
  55  4:25  Probe  
  56  4:33  Sentry  
  56  4:35  Probe  
  56  4:37  Probe  
  59  4:43  Blink  
  59  4:47  Probe  
  59  4:49  Protoss Ground Weapons Level 1 (Chrono Boost)  
  59  4:50  Probe  
  61  4:54  Nexus  
  61  4:59  Probe (Chrono Boost)  
  62  5:01  Pylon  
  62  5:02  Probe (Chrono Boost)  
  63  5:11  Probe (Chrono Boost), Sentry x2  
  63  5:13  Probe (Chrono Boost)  
  69  5:15  Robotics Facility  
  69  5:16  Probe (Chrono Boost), Pylon  
  69  5:18  Probe  
  71  5:25  Probe  
  72  5:31  Probe  
  72  5:32  Gateway  
  72  5:33  Gateway  
  73  5:37  Probe  
  73  5:39  Sentry  
  76  5:43  Probe  
  76  5:46  Gateway x2, Pylon  
  77  5:53  Photon Cannon  
  77  5:56  Photon Cannon  
  77  6:03  Immortal (Chrono Boost)  
  79  6:11  Stalker x3  
  83  6:12  Shield Battery  
  83  6:18  Photon Cannon  
  87  6:20  Shield Battery  
  87  6:22  Shield Battery  
  87  6:32  Immortal (Chrono Boost)  
  87  6:36  Stalker x2  
  81  6:49  Stalker x5  
  85  6:59  Stalker  
  85  7:00  Stalker  
  78  7:14  Stalker x3  
  78  7:15  Stalker x2  
Show
View Real Time Build Order
Export as new Build Order

HeroMarine Terran - Winner!

Build Orders: Reaper Expand 

Get SALT Encoding   

  12  0:00  SCV  
  13  0:12  SCV  
  14  0:17  Supply Depot  
  14  0:24  SCV  
  15  0:38  SCV  
  15  0:40  Barracks  
  16  0:43  Refinery  
  16  0:50  SCV  
  17  1:03  SCV  
  18  1:15  SCV  
  19  1:27  Reaper, Orbital Command  
  20  1:40  Command Center  
  20  1:52  SCV, Supply Depot  
  21  1:59  Marine  
  22  2:04  SCV  
  23  2:10  Factory  
  23  2:16  SCV, Refinery  
  23  2:20  Barracks Reactor  
  24  2:29  SCV  
  25  2:41  SCV  
  26  2:52  Orbital Command  
  26  2:53  SCV  
  26  2:54  Widow Mine  
  26  2:56  Marine x2, Starport  
  31  3:05  SCV  
  32  3:14  Marine x2  
  32  3:16  Factory Tech Lab  
  32  3:17  SCV  
  32  3:18  SCV  
  36  3:25  Supply Depot  
  36  3:29  SCV  
  36  3:30  SCV  
  36  3:32  Marine x2  
  40  3:35  Cyclone  
  40  3:37  Viking  
  45  3:41  SCV  
  45  3:47  SCV  
  47  3:49  Supply Depot  
  47  3:50  Marine, Barracks  
  47  3:53  Marine  
  49  3:56  SCV  
  49  3:59  SCV  
  50  4:08  SCV  
  50  4:09  Barracks  
  51  4:11  Siege Tank  
  51  4:13  SCV  
  55  4:17  Engineering Bay  
  55  4:20  SCV  
  55  4:22  Marine x2  
  58  4:25  SCV, Starport Tech Lab  
  58  4:28  Supply Depot  
  58  4:31  Refinery  
  59  4:32  SCV  
  59  4:37  SCV  
  61  4:44  Marine, SCV  
  61  4:45  Terran Infantry Weapons Level 1  
  62  4:49  Marine, SCV  
  62  4:50  Stimpack  
  62  4:51  Supply Depot  
  64  4:56  SCV  
  64  4:58  Factory Reactor  
  64  4:59  Starport Reactor  
  65  5:02  SCV  
  65  5:03  Supply Depot, Refinery  
  65  5:05  Marauder  
  68  5:08  Marauder  
  68  5:12  Marine, SCV  
  68  5:14  SCV, Combat Shield  
  73  5:16  Supply Depot  
  73  5:21  Marine  
  73  5:24  SCV  
  73  5:26  SCV, Marauder  
  78  5:29  Marine  
  78  5:30  Marine  
  80  5:37  Medivac x2  
  80  5:38  Supply Depot  
  80  5:39  Marine  
  80  5:40  Widow Mine  
  80  5:42  Supply Depot  
  89  5:43  Widow Mine  
  89  5:46  Missile Turret  
  89  5:49  Marauder  
  91  5:50  Marauder  
  91  5:54  Marine  
  94  5:59  Marine  
  94  6:02  Supply Depot, Widow Mine  
  99  6:04  Widow Mine  
  99  6:10  Marauder  
  101  6:12  Marine, Marauder  
  101  6:15  Medivac x2  
  101  6:17  Marine  
  109  6:20  Supply Depot  
  109  6:30  Marine  
  109  6:31  Marauder  
  109  6:32  Widow Mine x2  
  116  6:33  Marauder  
  118  6:40  Marine  
  118  6:46  Medivac  
  113  6:47  Medivac  
  113  6:48  Marine  
  113  6:53  Marauder  
  115  6:54  Marauder  
  115  6:58  Marine, SCV x2  

Tags
 
Add a new tag
Caveats
  • Supply blocks, unpowered buildings, or Contaminate may cause inaccurate times.
  • Supply counts are checked every 10 seconds.